Unix NetHack Version 5.0.0-0 post-release - last build May 10 2026 23:12:36 (d1fa5d53e341ca933230fdaa984d921c805b60aa,branch:main).

Game began 2026-05-13 20:52:43, ended 2026-05-14 00:16:48.

Drastanta, lawful male human Samurai

                                                    ##0*0####0             ----
                            ------                  ##*######*           ---..|
               -------   ----.|..----------        0 #**#...#-.-         |....|
            ----...|.|---|.)..............|-------.........h....-       --..---
           --........|.........)....))....|)/%|.................---     |...|
           |.........|...)....|.-.........|%?%|..|....^.......@...|     |.---
          --.........|.............-----..|...|..|.|-..+-.....q...| -----.--
          |.....---..-..........|..|((.|..--|---|.................---.--...--
          |.....| |..............  |((.-....................................--
          --....| ..........|---|  |((.|......--+............................|
          --<|.--..----.-...|!((|+------..{...|......................%%......|
          |..|.......|..+...|(!(|.............|...................-.-.>.|.----
        ---.-|..-..-.|..|...|...--+-.....---|------...............|#0....--
   --- --...|--..# |.----...--|--  |..-|-|...............@.G........#....#
  --.| |.....  #*  |...|....)...|  |..|..|----....----..--.......... ....##
  |..---...0###    |...|..#.....----..|..|%%.-....|?..@..|.......... |.-|####
  |......|**#*#0   |...|-....{........|..|   |....-...._.|-....###  --..--#
  ---.....**####   |...--..|...[#.....--------....|......||..*##    |....|
    ---.-.0#*0     |.......|-.....................|---------.0*#    --..--
      ---#*###     |.|.--------..--.|.--.----------        0*        ----
         ###*      -----      ------------
Drastanta the Ninja    St:15 Dx:17 Co:18 In:11 Wi:9 Ch:7  Lawful
Dlvl:7  $:750 HP:0(64) Pw:28(28) AC:1  Xp:7 T:4888 

Latest messages:
 You hit the Uruk-hai!
 You hit the Uruk-hai.
 You kill the Uruk-hai!
 There are many objects here.
 $ - 16 gold pieces (750 in total).
 j - 2 tripe rations.
 This door is locked.
 Unlock it with your osaku? [ynq] (q) n
 This door is locked.
 Unlock it with your osaku? [ynq] (q) n
 You stop.  The gnome is in the way!
 "Irasshaimase, Drastanta!  Welcome to Akranes' general store!"
 That strange object is a large mimic!
 The large mimic hits!
 You hit the large mimic!
 You hit the large mimic.
 You hit the large mimic!
 You hit the large mimic.
 You kill the large mimic!
 You see here a large mimic corpse (for sale, 48 zorkmids).
 You see here a sling (for sale, 30 zorkmids).
 You see here a wand called Magic Missile (for sale, 225 zorkmids).
 You see here a scroll labeled TEMOV (for sale, 100 zorkmids).
 You see here a tripe ration (for sale, 23 zorkmids).
 You see here an egg (for sale, 14 zorkmids).
 You see here a wand called Magic Missile (for sale, 225 zorkmids).
 You see here a scroll labeled TEMOV (for sale, 100 zorkmids).
 You hear crashing rock.
 You hear crashing rock.
 You hear crashing rock.
 You swap places with the peaceful dwarf.
 You hear crashing rock.
 You hit the mumak.
 The mumak butts!
 The mumak bites!
 You miss the mumak.
 The mumak misses!
 The mumak bites!
 You miss the mumak.
 The mumak misses!
 The mumak bites!
 You miss the mumak.
 You hit the mumak!
 The mumak butts!
 You die...
 Do you want your possessions identified? [ynq] (y) y
 Do you want to see your attributes? [ynq] (y) y
 Do you want an account of creatures vanquished? [ynaq] (y) y
 Do you want to see your conduct and achievements? [ynq] (y) y
 Do you want to see the dungeon overview? [ynq] (y) y

Inventory:
 Coins    ('$')
  $ - 750 gold pieces
 Weapons  (')')
  d - 24 +0 ya (in quiver)
  c - a +0 yumi (alternate weapon; not wielded)
  a - a rusty +0 katana (weapon in right hand)
  F - a blessed +0 long sword
  b - a +0 wakizashi
 Armor    ('[')
  k - a cursed +0 orcish helm (being worn)
  M - an uncursed +0 pair of speed boots (being worn)
  i - an uncursed +0 elven cloak (being worn)
  e - an uncursed rustproof +0 splint mail (being worn)
 Comestibles  ('%')
  u - an uncursed apple
  n - an uncursed clove of garlic
  j - 2 uncursed tripe rations
 Scrolls  ('?')
  z - 2 uncursed scrolls of confuse monster
  h - 2 uncursed scrolls of enchant weapon
  m - 2 uncursed scrolls of fire
  v - an uncursed scroll of identify
  G - an uncursed scroll of magic mapping
  l - an uncursed scroll of teleportation
 Potions  ('!')
  w - an uncursed potion of gain ability
  g - an uncursed potion of levitation
  C - an uncursed potion of speed
  x - an uncursed potion of water
 Rings    ('=')
  r - an uncursed +2 ring of adornment
  D - an uncursed ring of see invisible
 Wands    ('/')
  q - a wand of digging (0:5)
  E - a wand of light (0:15)
  K - a wand of magic missile (0:7)
  H - a wand of sleep (0:6)
  o - a wand of undead turning (0:7)
 Tools    ('(')
  f - an uncursed blindfold
  J - an uncursed oil lamp (lit)
  y - an uncursed osaku

Drastanta the Samurai's attributes:

Background:
 You were a Ninja, a level 7 male human Samurai.
 You were lawful, on a mission for Amaterasu Omikami
 who was opposed by Raijin (neutral) and Susanowo (chaotic).
 You were right-handed.
 You were in the Gnomish Mines, on level 7.
 You entered the dungeon 4888 turns ago.
 It was the midnight hour.
 You had 1250 experience points, 30 more were needed to attain level 8.

Basics:
 You had 0 out of 64 hit points.
 You had all 28 energy points (spell power).
 Your armor class was 1.
 Your wallet contained 750 zorkmids.
 Autopickup was off.

Final Characteristics:
 Your strength was 15 (peak:16, limit:18/100).
 Your dexterity was 17 (limit:18).
 Your constitution was 18 (limit:18).
 Your intelligence was 11 (limit:18).
 Your wisdom was 9 (limit:18).
 Your charisma was 7 (limit:18).

Final Status:
 You weren't hungry.
 You were unencumbered.
 You were wielding a long sword.
 You were skilled in long sword and could have enhanced that.

Final Attributes:
 You were piously aligned.
 You were stealthy.
 You were warded.
 You were very fast.
 You are dead.

Miscellaneous:
 You didn't encounter any bones levels.
 Total elapsed playing time was 1 hour, 13 minutes and 44 seconds.

Major events:
 Turn
    1: Drastanta the lawful male human Samurai entered the dungeon
  645: entered the Gnomish Mines
 1008: attained the rank of Ronin (level 3)
 2237: attained the rank of Ninja (level 6)
 4331: reached Mine Town
 4888: killed by a mumak

You didn't know any spells.

Skills:
 Fighting Skills
   martial arts      [Basic]
   two weapon combat [Unskilled]
   riding            [Unskilled]
 Weapon Skills
   dagger            [Unskilled]
   knife             [Unskilled]
   short sword       [Basic]
   broadsword        [Unskilled]
   long sword        [Skilled]
   two-handed sword  [Unskilled]
   saber             [Unskilled]
   flail             [Unskilled]
   quarterstaff      [Unskilled]
   polearms          [Unskilled]
   spear             [Unskilled]
   lance             [Unskilled]
   bow               [Basic]
   shuriken          [Unskilled]
 Spellcasting Skills
   attack spells     [Unskilled]
   divination spells [Unskilled]
   clerical spells   [Unskilled]

Voluntary challenges:
 Character rerolling was not enabled.
 You never genocided any monsters.
 You never polymorphed an object.
 You never changed form.
 You used no wishes.
Achievements:
 You entered the Gnomish Mines.
 You attained the rank of Ronin.
 You attained the rank of Ninja.
 You entered Minetown.
 You entered a temple.
 You entered a shop.

 The Dungeons of Doom: levels 1 to 7
    Level 1:
       Some fountains.
    Level 2:
       An altar to Amaterasu Omikami, a sink.
    Level 3:
       A sink, a grave.
       Stairs down to The Gnomish Mines.
    Level 4:
    Level 5:
       An altar, a fountain, a tree.
    Level 6:
    Level 7:
       Many fountains.
 The Gnomish Mines: levels 4 to 8
    Level 4:
    Level 5:
    Level 6:
    Level 7: <- You were here.
       A general store, a temple and an altar, some fountains, some trees.
       Final resting place for
          you, killed by a mumak.
    Level 8:


Vanquished creatures:
  a large mimic
  a black light
  a gnome ruler
  2 gold golems
  a jaguar
  a blue jelly
  4 bugbears
  a quasit
 13 Uruk-hai
  2 rock piercers
  a rock mole
  a fog cloud
  2 yellow lights
  9 gnome leaders
  a gray ooze
  a giant ant
  a floating eye
  a kitten
  2 kobold leaders
  5 rothes
  a rabid rat
  2 centipedes
 an orc zombie
  a wererat
  2 iguanas
  2 acid blobs
  2 hobbits
  4 large kobolds
  8 hobgoblins
  6 giant rats
  3 yellow molds
  a red mold
 33 gnomes
  a gnome zombie
  7 geckos
  3 jackals
  2 kobolds
  4 goblins
  3 sewer rats
  a grid bug
  5 lichens
  2 kobold zombies
  7 newts
152 creatures vanquished.

No species were genocided or became extinct.

Game over:
                       ----------
                      /          \
                     /    REST    \
                    /      IN      \
                   /     PEACE      \
                  /                  \
                  |    Drastanta     |
                  |      750 Au      |
                  |   killed by a    |
                  |      mumak       |
                  |                  |
                  |                  |
                  |       2026       |
                 *|     *  *  *      | *
        _________)/\\_//(\/(/\)/\//\/|_)_______

Sayonara Drastanta the Samurai...

You died in The Gnomish Mines on dungeon level 7 with 6035 points,
and 750 pieces of gold, after 4888 moves.
You were level 7 with a maximum of 64 hit points when you died.

